 Dungeon Crawl Stone Soup version 0.14-a0-1837-g7fb8695 (webtiles) character file.

54 M4edhros the Vexing (level 2, -6/18 HPs)
             Began as an Octopode Arcane Marksman on Jan 10, 2014.
             Mangled by an iguana (13 damage)
             ... on Level 4 of the Dungeon.
             The game lasted 00:02:13 (918 turns).

M4edhros the Vexing (Octopode Arcane Marksman)       Turns: 918, Time: 00:02:13

HP  -6/18        AC  1     Str  7 (10) XL: 2   Next: 54%
MP   3/3         EV 12     Int 15      God:
Gold 38          SH  0     Dex 11      Spells:  1 memorised,  2 levels left

rFire  . . .     SeeInvis .     m - +2 elf dagger (venom)
rCold  . . .     Clarity  .     (no shield)
rNeg   . . .     Conserve .     (helmet restricted)
rPois  .         rCorr    .     (no amulet)
rElec  .         rRot     .     (no ring)
SustAb . .       Spirit   .     (no ring)
rMut   .         Warding  .     (no ring)
Saprov . . .     Stasis   .     (no ring)
                                (no ring)
                                (no ring)
                                (no ring)
                                (no ring)

@: not resistant to hostile enchantments, fairly stealthy
A: almost no armour, amphibious, 8 rings, constrict 8, camouflage 1, gelatinous
body 1
a: no special abilities


You were on level 4 of the Dungeon.
You were not hungry.

You visited 1 branch of the dungeon, and saw 4 of its levels.

You collected 38 gold pieces.

Inventory:

Hand weapons
 b - a +0,+0 sling
 j - a +0,+0 short sword
 m - a +2,+2 elven dagger of venom (weapon)
Missiles
 c - 20 sling bullets
 g - 68 stones (quivered)
 l - 4 javelins
Comestibles
 f - 2 bread rations
 h - 2 pears
 k - a choko
Scrolls
 e - a scroll of remove curse {unknown}
 i - a scroll of recharging {unknown}
 n - a scroll of enchant weapon I {unknown}
 o - a scroll of blinking {unknown}
 p - a scroll of enchant weapon II {unknown}
 q - a scroll of noise {unknown}
Potions
 a - a potion of degeneration
Books
 d - a book of Debilitation

   Spells                             Type                      Level
   *Corona                            Hexes                        1
   Slow                               Hexes                        2
   Inner Flame                        Hexes/Fire                   3
   Enslavement                        Hexes                        4
   Cause Fear                         Hexes                        4
   Leda's Liquefaction                Hexes/Earth                  4


   Skills:
 - Level 1.0 Fighting
 + Level 2.2 Slings
 + Level 2.1 Dodging
 + Level 1.3 Spellcasting
 * Level 3.4 Hexes


You had 2 spell levels left.
You knew the following spells:

 Your Spells              Type           Power        Failure   Level  Hunger
a - Corona                Hex            ##.....      8%          1    ##.....


Dungeon Overview and Level Annotations

Branches:
Dungeon (4/16)
 Temple: D:4-7

Altars:
the Shining One

Annotations:
D:3 Pr0man's ghost, average GrFi


Innate Abilities, Weirdness & Mutations

You cannot wear most types of armour.
You are amphibious.
You can wear up to eight rings at the same time.
You can use your tentacles to constrict many enemies at once.
Your skin changes colour to match your surroundings (Stlth).
Your rubbery body absorbs attacks (AC +1).


Message History

Found a pair of gloves.
A hobgoblin skeleton comes into view.
Found a potion of curing.
You open the door.
A bat comes into view.
A bat comes into view.
The bat hits you but does no damage.
Found an orange.
There is an open door here.
The bat hits you. The bat hits you but does no damage.
The bat closely misses you. The bat hits you. The bat closely misses you.
The bat hits you but does no damage. The bat barely misses you.
The bat hits you but does no damage. The bat hits you.
The bat hits you but does no damage. The bat hits you.
You open the door. The bat hits you. The bat misses you. The bat hits you.
The iguana bites you!
Ouch! That really hurt!
You die...

####### +
#...%.#
#.##.....#
#..'.....#
#@.b..#
#bl...+
#.o...#
#.....#
#.....#
####z##
#..#
######+####
##.#
#.........#
#.#


You could see an iguana, an orc, 2 bats and a hobgoblin skeleton.

Vanquished Creatures
  2 giant geckos
  2 bats (D:2)
  5 goblins
  A kobold (D:3)
  A quokka (D:3)
  A giant newt (D:2)
  A rat (D:1)
13 creatures vanquished.

Notes
Turn   | Place    | Note
--------------------------------------------------------------
     0 | D:1      | M4edhros, the Octopode Arcane Marksman, began the quest for the Orb.
     0 | D:1      | Reached XP level 1. HP: 13/13 MP: 2/2
   404 | D:2      | Reached XP level 2. HP: 15/18 MP: 3/3
   843 | D:3      | Noticed Pr0man's ghost (average GrFi)
   864 | D:3      | Found a glowing golden altar of the Shining One.
   918 | D:4      | Mangled by an iguana

Action                   || total
-------------------------++-------
Melee: Short sword       ||    10
       Dagger            ||    14
 Fire: Sling             ||     4
  Use: Potion            ||     2
 Stab: Sleeping          ||     1
